 Dungeon Crawl Stone Soup version 0.24-b1 (webtiles) character file.

Game seed: 6538624662053769828, levelgen mode: deterministic

390138 Johnny the Earth Mage (level 20, -14/210 HPs)
             Began as a Demigod Earth Elementalist on Oct 11, 2019.
             Demolished by a phantasmal warrior (22 damage)
             ... on level 5 of the Vaults on Oct 12, 2019.
             The game lasted 02:28:24 (60255 turns).

Johnny the Earth Mage (Demigod Earth Elementalist) Turns: 60255, Time: 02:28:25

Health: -14/210    AC: 36    Str: 19    XL:     20   Next: 84%
Magic:  2/45       EV: 23    Int: 43    God:
Gold:   1407       SH:  0    Dex: 18    Spells: 4/49 levels left

rFire    + + +     SeeInvis +   i - +7 short sword of Apeaton {pierce, rF+ rN+ Str+3}
rCold    + . .     Gourm    .   (no shield)
rNeg     + + .     Faith    .   (armour currently unavailable)
rPois    ∞         Spirit   .   I - +2 helmet {SInv}
rElec    +         Reflect  .   x - +2 cloak {MR+}
rCorr    +         Harm     .   (gloves currently unavailable)
MR       ++++.                  (boots currently unavailable)
Stlth    +++.......             Q - amulet of regeneration
HPRegen  0.85/turn              n - ring "Jico" {Fire rElec rPois Int+3 Stlth+}
MPRegen  0.29/turn              A - ring of Obsession {rC+ Int+4}

@: mighty, brilliant, statue-form, resistant, hasted
A: claws 1, talons 1, agile 1, high mp 1, magic resistance 1, no potion heal 1
}: 3/15 runes: decaying, abyssal, gossamer
a: End Transformation


You were on level 5 of the Vaults.
You were full.
You were a stone statue.
You visited 8 branches of the dungeon, and saw 40 of its levels.
You visited the Abyss 2 times.
You also visited: Gauntlet, Ice Cave and Desolation.

You collected 5644 gold pieces.
You spent 4237 gold pieces at shops.

Inventory:

Hand Weapons
 i - the +7 short sword of Apeaton (weapon) {pierce, rF+ rN+ Str+3}
   (You found it on level 6 of the Dungeon)

   It inflicts extra damage upon your enemies.
   It affects your strength (+3).
   It protects you from fire.
   It protects you from negative energy.
 B - the +1 fustibalus of Rottoece {speed, Str-4 Int+4 Dex+6 SInv}
   (You found it on level 3 of the Elven Halls)

   Attacks with this weapon are significantly faster.
   It affects your strength (-4).
   It affects your intelligence (+4).
   It affects your dexterity (+6).
   It lets you see invisible.
Missiles
 q - 105 stones (quivered)
Armour
 f - a +1 pair of boots of flying (melded)
 o - the +0 pair of gloves of Gehenna (melded) {rElec rPois rN++}
   (You took it off Nikola on level 4 of the Swamp)

   It insulates you from electricity.
   It protects you from poison.
   It greatly protects you from negative energy.
 x - a +2 cloak of magic resistance (worn)
 I - a +2 helmet of see invisible (worn)
 J - the +2 helmet "Sitips" {rF+}
   (You found it on level 2 of the Vaults)

   It protects you from fire.
 K - the +1 robe "Xajuw" (melded) {rPois rC+ rCorr Int+6}
   (You took it off an orc on level 7 of the Dungeon)

   It affects your intelligence (+6).
   It protects you from cold.
   It protects you from poison.
   It provides partial protection from all sources of acid and corrosion.
 R - a scarf of resistance
Magical Staves
 w - an uncursed staff of earth
 z - an uncursed staff of energy
Jewellery
 b - the amulet of Wuexudd {Spirit rPois rN+}
   (You took it off a deep elf demonologist on level 3 of the Elven Halls)

   [amulet of guardian spirit]

   It causes incoming damage to be split between your health and magic.
   It protects you from poison.
   It protects you from negative energy.
 h - an uncursed amulet of harm
 n - the ring "Jico" (left claw) {Fire rElec rPois Int+3 Stlth+}
   (You took it off a ragged hierophant in the Desolation of Salt)

   [ring of fire]

   It enhances your fire magic.
   It affects your intelligence (+3).
   It protects you from fire.
   It makes you vulnerable to cold.
   It insulates you from electricity.
   It protects you from poison.
   It makes you more stealthy.
 A - the ring of Obsession (right claw) {rC+ Int+4}
   (You found it in a Gauntlet)

   [ring of intelligence]

   It affects your intelligence (+4).
   It protects you from cold.
 Q - an amulet of regeneration (around neck)
 U - the amulet of Laripp {RegenMP rF+ rN+++ MR+ Slay-4}
   (You found it on level 11 of the Dungeon)

   [amulet of magic regeneration]

   It increases your magic regeneration.
   It affects your accuracy and damage with ranged weapons and melee attacks
   (-4).
   It protects you from fire.
   It renders you almost immune to negative energy.
   It affects your resistance to hostile enchantments.
 W - an uncursed ring of flight
Wands
 a - a wand of digging (1)
 v - a wand of scattershot (1)
 T - a wand of iceblast (10)
Scrolls
 e - 5 scrolls of enchant armour
 g - 9 scrolls of magic mapping
 k - 17 scrolls of remove curse
 r - 3 scrolls of immolation
 s - 5 scrolls of teleportation
 u - 6 scrolls of vulnerability
 y - 3 scrolls of fog
 M - 4 scrolls of identify
 X - a scroll of fear
 Y - 2 scrolls of holy word
Potions
 j - 2 potions of haste
 l - 10 potions of lignification
 m - 18 potions of curing
 p - 2 potions of might
 D - 2 potions of resistance
 E - 7 potions of flight
 F - a potion of cancellation
 H - a potion of berserk rage
 L - 2 potions of brilliance
 N - 8 potions of mutation
Miscellaneous
 c - a phial of floods
 t - 2 phantom mirrors
 G - a lightning rod (4/4)
Comestibles
 d - 19 rations


   Skills:
 + Level 10.3 Fighting
 - Level 13.5 Dodging
 - Level 1.7 Stealth
 + Level 15.2 Spellcasting
 + Level 18.4 Hexes
 + Level 6.6 Translocations
 - Level 0.8 Transmutations
 * Level 19.6 Earth Magic


You had 4 spell levels left.
You knew the following spells:

 Your Spells              Type           Power        Failure   Level  Hunger
a - Sandblast             Erth           ######       0%          1    None
b - Stone Arrow           Conj/Erth      ######       1%          3    None
c - Lee's Rapid Deconstr  Erth           ########..   0%          5    None
d - Petrify               Tmut/Erth      #######.     1%          4    None
e - Blink                 Tloc           N/A          1%          2    None
f - Statue Form           Tmut/Erth      #######..    1%          6    None
g - Discord               Hex            ########..   1%          8    ####...
h - Borgnjor's Vile Clut  Necr/Erth      #######...   1%          5    None
i - Sublimation of Blood  Necr           ######....   1%          2    None
j - Leda's Liquefaction   Hex/Erth       ########..   0%          4    None
k - Alistair's Intoxicat  Tmut/Pois      ######..     2%          5    None

Your spell library contained the following spells:

 Spells                   Type           Power        Failure   Level  Hunger
 Confusing Touch          Hex            ######       0%          1    None
 Corona                   Hex            #######      0%          1    None
 Passwall                 Tmut/Erth      #######.     0%          2    None
 Slow                     Hex            ########     0%          2    None
 Portal Projectile        Hex/Tloc       ######       0%          3    None
 Cause Fear               Hex            ########..   0%          4    None
 Animate Skeleton         Necr           N/A          1%          1    None
 Beastly Appendage        Tmut           ######       1%          1    None
 Flame Tongue             Conj/Fire      #####        1%          1    None
 Freeze                   Ice            ####         1%          1    None
 Magic Dart               Conj           ####         1%          1    None
 Pain                     Necr           ####         1%          1    None
 Shock                    Conj/Air       ####         1%          1    None
 Summon Butterflies       Summ           ######..     1%          1    None
 Call Imp                 Summ           ######..     1%          2    None
 Corpse Rot               Necr           N/A          1%          2    None
 Ensorcelled Hibernation  Hex/Ice        ######       1%          2    None
 Searing Ray              Conj           ######       1%          2    None
 Sticks to Snakes         Tmut           ######..     1%          2    None
 Swiftness                Chrm/Air       ######..     1%          2    None
 Throw Flame              Conj/Fire      ######       1%          2    None
 Throw Frost              Conj/Ice       ######       1%          2    None
 Call Canine Familiar     Summ           ######..     1%          3    None
 Conjure Flame            Conj/Fire      ######..     1%          3    None
 Dazzling Spray           Conj/Hex       ######       1%          3    None
 Ignite Poison            Fire/Tmut/Pois #######.     1%          3    None
 Inner Flame              Hex/Fire       ########     1%          3    None
 Mephitic Cloud           Conj/Pois/Air  ######..     1%          3    None
 Ozocubu's Armour         Chrm/Ice       ######..     1%          3    None
 Recall                   Summ/Tloc      N/A          1%          3    None
 Regeneration             Chrm/Necr      ######....   1%          3    None
 Spider Form              Tmut/Pois      ######....   1%          3    None
 Static Discharge         Conj/Air       ######..     1%          3    None
 Vampiric Draining        Necr           ######....   1%          3    None
 Airstrike                Air            ######....   1%          4    None
 Animate Dead             Necr           N/A          1%          4    None
 Force Lance              Conj/Tloc      ######..     1%          4    None
 Fulminant Prism          Conj/Hex       #######...   1%          4    None
 Ice Form                 Ice/Tmut       ######..     1%          4    None
 Iskenderun's Mystic Bla  Conj           ######..     1%          4    None
 Olgreb's Toxic Radiance  Pois           ######..     1%          4    None
 Sticky Flame             Conj/Fire      ######..     1%          4    None
 Summon Ice Beast         Ice/Summ       ######..     1%          4    None
 Throw Icicle             Conj/Ice       ######..     1%          4    None
 Metabolic Englaciation   Hex/Ice        #######...   1%          5    None
 Silence                  Hex/Air        #######...   1%          5    None
 Summon Forest            Summ/Tloc      ######....   1%          5    None
 Summon Mana Viper        Hex/Summ       #######.     1%          5    None
 Yara's Violent Unravell  Hex/Tmut       #######...   1%          5    None
 Darkness                 Hex            ########..   1%          6    None
 Blade Hands              Tmut           ######....   2%          5    None
 Irradiate                Conj/Tmut      ######....   2%          5    None
 Aura of Abjuration       Summ           ######....   3%          5    None
 Fireball                 Conj/Fire      ######....   3%          5    None
 Lightning Bolt           Conj/Air       ######....   3%          5    None
 Summon Demon             Summ           ######....   3%          5    None
 Hydra Form               Tmut           ######....   11%         6    None
 Lehudib's Crystal Spear  Conj/Erth      #######...   11%         8    ####...
 Bolt of Cold             Conj/Ice       ######....   14%         6    None
 Bolt of Fire             Conj/Fire      ######....   14%         6    None
 Conjure Ball Lightning   Conj/Air       ######....   14%         6    None
 Deflect Missiles         Chrm/Air       ######....   14%         6    None
 Freezing Cloud           Conj/Ice/Air   ######....   14%         6    None
 Ozocubu's Refrigeration  Ice            ######....   14%         6    None
 Poison Arrow             Conj/Pois      ######....   14%         6    None
 Shadow Creatures         Summ           N/A          14%         6    None
 Simulacrum               Ice/Necr       ######....   14%         6    None
 Malign Gateway           Summ/Tloc      ######....   19%         7    ##.....
 Dragon Form              Tmut           ######....   43%         7    ##.....
 Monstrous Menagerie      Summ           ######....   52%         7    ##.....
 Ring of Flames           Chrm/Fire      ######....   52%         7    ##.....
 Summon Greater Demon     Summ           ######....   52%         7    ##.....
 Summon Hydra             Summ           ######....   52%         7    ##.....
 Chain Lightning          Conj/Air       ######....   98%         8    ####...
 Ignition                 Fire           ######....   98%         8    ####...
 Summon Horrible Things   Summ           ######....   98%         8    ####...
 Fire Storm               Conj/Fire      ######....   100%        9    ######.
 Glaciate                 Conj/Ice       ######....   100%        9    ######.


Dungeon Overview and Level Annotations

Branches:
Dungeon (15/15)            Temple (0/1) D:4            Lair (6/6) D:9
  Swamp (4/4) Lair:2       Spider (4/4) Lair:4        Slime (0/5) Lair:6
    Orc (2/2) D:12            Elf (3/3) Orc:2        Vaults (5/5) D:14
  Crypt (0/3) Vaults:3     Depths (1/5) D:15          IceCv (visited)
Desolation (visited)      Gauntlet (visited)

Shops:
D:6 (   D:12 =   Orc:2 ?(?:   Elf:2 !   Elf:3 ?   Vaults:1 %   Vaults:3 *
Vaults:4 ?

Portals:
Ziggurat: Depths:1
Trove: Vaults:2 (give +5 demon blade)

Annotations:
Lair:6 1 runed translucent door


Innate Abilities, Weirdness & Mutations

You have an increased reservoir of magic. (+10% MP)
You have sharp fingernails.
You have sharp toenails.
((You are partially covered in yellow scales. (AC +2)))
You are agile. (Dex +2)
You are resistant to hostile enchantments. (MR+)
Potions are less effective at restoring your health.


Message History

Unknown command.
Casting: Sandblast (safe; 0% risk of failure)
Confirm with . or Enter, or press ? or * to list all spells.
Aiming: Sandblast (safe; 0% risk of failure)
Press: ? - help, Shift-Dir - straight line The blast of sand hits the phantasmal warrior.
The phantasmal warrior is severely damaged.
q - 106 stones The phantasmal warrior hits you!
* * * LOW HITPOINT WARNING * * *
Unknown command.
Casting: Sandblast (safe; 0% risk of failure)
Confirm with . or Enter, or press ? or * to list all spells.
Aiming: Sandblast (safe; 0% risk of failure)
Press: ? - help, Shift-Dir - straight line The blast of sand hits the phantasmal warrior but does no damage.
The phantasmal warrior is severely damaged.
q - 105 stones The phantasmal warrior hits you!!
You die...

##########################
........(.................
.......(W8)..........C....
#############........#####
..# #..................
...##... ..#....#...###
..D... ...... #....#..##
#)...# #....# #....#....
##....# #....##
#....#....# #.....##
##.....##.. #....#..###
.......#+#..........
#....####


You could see a phantasmal warrior.

Vanquished Creatures
  Mara (Elf:3)
  Bai Suzhen (Swamp:4)
  The ghost of Esiny the Tortoise, an adept HuFi of the Shining One (Vaults:3)
  A lich (Vaults:3)
  2 tentacled monstrosities
  The ghost of Aaksess the Necromancer, an adept DDNe of Lugonu (Vaults:2)
  3 deep elf blademasters
  The ghost of Amen the Thaumaturge, an adept GnWz of Ashenzari (Vaults:1)
  A deep elf master archer (Elf:3)
  2 sphinxes
  Gastronok (Lair:3)
  A thorn hunter (Swamp:2)
  2 tengu reavers
  A fire giant (Vaults:5)
  2 frost giants
  7 vault wardens
  5 ghost moths
  6 deep elf sorcerers
  5 emperor scorpions
  A ghoul (Vaults:3)
  2 deep elf elementalists (Elf:3)
  2 ironheart preservers
  5 very ugly things
  5 deep elf demonologists (Elf:3)
  7 stone giants
  A minotaur (Gauntlet)
  7 deep elf annihilators (Elf:3)
  A halazid warlock (Desolation)
  A spark wasp (Spider:1)
  2 crystal guardians (Desolation)
  An ettin (Orc:2)
  3 deep elf death magi (Elf:3)
  5 yaktaur captains
  2 great orbs of eyes
  3 fire dragons
  7 ragged hierophants (Desolation)
  6 deep elf high priests (Elf:3)
  Erolcha (D:9)
  9 ogre magi
  Harold (D:7)
  A hell beast (Elf:2)
  A vault guard (D:14)
  2 ghost crabs
  A shambling mangrove (Swamp:3)
  19 hydras
  9 servants of whispers (Desolation)
  Fannar (Lair:1)
  8 peacekeepers
  8 two-headed ogres
  A merfolk avatar (Lair:6)
  5 alligators
  3 centaur warriors
  19 dancing weapons
  A tengu warrior (D:11)
  4 death knights
  2 death yaks (IceCv)
  Urug (Lair:6)
  2 deep troll shamans
  A deep troll earth mage (Vaults:4)
  17 deep elf knights
  Sonja (Lair:1)
  3 wretched stars (Abyss:3)
  24 slime creatures
  4 thrashing horrors
  A skeletal warrior (Vaults:3)
  A sun demon (Abyss:3)
  A sixfirhy (Abyss:3)
  A fire crab (Gauntlet)
  3 large abominations
  2 flayed ghosts
  2 glowing orange brains
  4 wizards (Vaults:3)
  3 sea snakes (Lair:6)
  4 deep trolls (Vaults:5)
  18 deep elf archers
  3 phantasmal warriors
  Pikel (D:7)
  10 orc knights
  A harpy (shapeshifter) (Vaults:1)
  6 ironbrand convokers
  A mana viper (shapeshifter) (Vaults:4)
  5 harpies
  6 orb spiders
  10 wolf spiders
  9 manticores
  5 oklob plants
  An orb spider (shapeshifter) (Vaults:1)
  8 orc sorcerers (Orc:2)
  A cyclops (D:9)
  14 ugly things
  51 deep elf magi
  A tengu skeleton (Vaults:4)
  A shadow dragon skeleton (Abyss:4)
  A salamander (D:15)
  7 elephants
  5 black mambas
  A rust devil (Gauntlet)
  2 guardian serpents (Desolation)
  A stone giant skeleton (Vaults:4)
  A molten gargoyle (Desolation)
  An ice statue (IceCv)
  4 vault sentinels
  An eye of devastation (shapeshifter) (Vaults:4)
  Maurice (D:9)
  2 smoke demons
  An eye of devastation (Gauntlet)
  5 centaur zombies
  11 spiny frogs
  The ghost of Scuka the Caller, a novice BaSu (D:4)
  12 komodo dragons
  2 kobold demonologists (D:15)
  3 efreet
  12 yaktaurs
  A demonic crawler (Spider:3)
  7 rime drakes
  A human skeleton (Vaults:4)
  10 trolls
  3 freezing wraiths
  A merfolk (D:15)
  2 ice devils (Lair:4)
  A harpy zombie (D:15)
  2 ancient zymes (Abyss:4)
  2 meliai (Abyss:4)
  8 jumping spiders
  A polar bear (shapeshifter) (D:14)
  A tengu simulacrum (Vaults:4)
  4 hornets
  A merfolk (shapeshifter) (Vaults:4)
  3 tyrant leeches
  2 raiju
  54 saltlings
  19 polar bears
  A dream sheep (shapeshifter) (Elf:2)
  6 bog bodies
  19 blink frogs
  9 hippogriffs
  2 ynoxinuls
  18 redbacks
  3 spriggans
  2 vampires
  3 wyverns
  A wraith (Vaults:3)
  2 air elementals (Elf:2)
  A hog (shapeshifter) (Vaults:4)
  3 shadows
  2 fire bats (Gauntlet)
  A spriggan (shapeshifter) (Vaults:4)
  8 tarantellas
  4 golden eyes
  4 water elementals
  49 yaks
  3 basilisks
  A fire elemental (Elf:1)
  5 chaos spawn
  2 neqoxecs (Abyss:4)
  A basilisk (shapeshifter) (Vaults:3)
  A hungry ghost (D:9)
  A steam dragon (Gauntlet)
  15 vampire mosquitoes
  15 insubstantial wisps
  4 swamp worms
  An acid dragon (Vaults:1)
  5 wargs
  12 water moccasins
  2 soldier ants
  8 porcupines
  3 hell hounds (Elf:2)
  3 small abominations (Abyss:3)
  3 ice beasts
  Duvessa (D:6)
  A floating eye (Gauntlet)
  16 orc warriors
  4 swamp drakes
  2 phantoms
  3 slaves (D:7)
  5 sky beasts
  3 black bears
  2 boggarts (Vaults:1)
  5 necrophages
  38 wolves
  17 ogres
  3 centaurs
  11 crocodiles
  3 big kobolds (D:15)
  An earth elemental (Elf:1)
  15 bullfrogs
  2 wyvern zombies
  2 jellies
  A hornet simulacrum (D:15)
  A wyvern skeleton (D:14)
  2 scorpions
  Dowan (D:6)
  An elf simulacrum (Vaults:3)
  12 killer bees
  8 electric eels
  7 wights (D:14)
  A howler monkey (D:5)
  A bullfrog zombie (D:13)
  2 crimson imps
  9 starcursed masses
  4 quasits
  5 hounds
  2 iron imps (Gauntlet)
  15 orc priests
  A bullfrog skeleton (D:4)
  38 orc wizards
  4 centaur skeletons
  2 iguanas (D:6)
  5 worker ants
  A hound skeleton (D:4)
  A hound zombie (D:5)
  A worker ant zombie (D:11)
  10 gnolls (D:4)
  6 adders
  A shadow imp (D:13)
  An ooze (D:3)
  2 ufetubi (Abyss:3)
  An adder skeleton (D:7)
  3 worms
  4 dart slugs
  A leopard gecko (D:3)
  59 orcs
  4 ball pythons
  4 giant cockroaches
  10 goblins
  5 hobgoblins
  11 jackals
  6 quokkas
  11 bats
  4 frilled lizards
  14 kobolds
  8 rats
  2 crawling corpses (Elf:3)
  A demonic plant (Abyss:4)
  A fungus (Lair:1)
  10 plants
1286 creatures vanquished.

Vanquished Creatures (collateral kills)
  the Lernaean hydra (Swamp:4)
  Nikola (Swamp:4)
  Jorgrun (Swamp:1)
  A lich (Vaults:5)
  A quicksilver dragon (Vaults:5)
  A titan (Vaults:5)
  2 shadow dragons (Vaults:5)
  3 tengu reavers
  A thorn hunter (Swamp:4)
  A fire giant (Vaults:5)
  2 iron dragons (Vaults:5)
  2 emperor scorpions
  10 vault wardens
  A deep elf elementalist (Vaults:5)
  11 very ugly things
  6 ironheart preservers
  3 stone giants
  Azrael (Spider:1)
  An entropy weaver (Vaults:3)
  2 deep elf annihilators
  The ghost of Wympuamu the Eclecticist, a journeyman DEFE of Vehumet (Spider:1)
  An ettin (Vaults:3)
  2 spark wasps (Spider:1)
  A fire dragon (Vaults:3)
  6 ogre magi
  7 yaktaur captains
  A great orb of eyes (Vaults:4)
  4 rakshasas
  24 vault guards
  13 hydras
  A ghost crab (Swamp:4)
  3 shambling mangroves
  2 centaur warriors
  11 two-headed ogres
  2 alligators (Swamp:4)
  A deep troll earth mage (Vaults:4)
  3 deep elf knights
  3 wretched stars (Abyss:4)
  3 skeletal warriors (Vaults:2)
  A shadow wraith (Vaults:4)
  7 deep trolls
  A spriggan druid (Swamp:2)
  8 swamp dragons
  A glowing orange brain (Vaults:4)
  An unseen horror (Vaults:1)
  An obsidian statue (Vaults:3)
  11 ironbrand convokers
  4 deep elf archers
  A necromancer (Vaults:4)
  3 harpies (Vaults:2)
  4 orc knights
  3 wizards
  A queen bee (Abyss:4)
  7 orb spiders
  A human zombie (Vaults:4)
  10 wolf spiders
  2 orc sorcerers
  10 deep elf magi
  21 slime creatures
  3 cyclopes (Vaults:2)
  A moth of wrath (Spider:1)
  15 ugly things
  An elephant (shapeshifter) (Vaults:5)
  A torpor snail (Spider:3)
  9 vault sentinels
  A meliai (Abyss:4)
  2 spiny frogs
  A tormentor (Vaults:2)
  6 demonic crawlers
  A freezing wraith (Vaults:3)
  24 yaktaurs
  An ancient zyme (Abyss:4)
  9 jumping spiders
  3 tyrant leeches
  18 hornets
  2 bog bodies
  A saltling (Desolation)
  A dream sheep (shapeshifter) (Vaults:5)
  A shadow (Swamp:4)
  9 spriggans
  13 tarantellas
  A large abomination (Abyss:4)
  22 redbacks
  2 fire elementals (Spider:1)
  6 insubstantial wisps (Swamp:3)
  3 wargs
  7 vampire mosquitoes
  11 swamp worms
  An acid dragon (Vaults:1)
  2 hell hounds (Spider:1)
  5 orc warriors
  A small abomination (Abyss:4)
  3 swamp drakes (Swamp:4)
  A black bear (shapeshifter) (Vaults:5)
  An ettin simulacrum (Vaults:2)
  3 boggarts
  6 ogres
  7 centaurs
  A centaur (shapeshifter) (Vaults:2)
  An earth elemental (Abyss:4)
  5 killer bees (Abyss:4)
  An orc priest (Vaults:1)
  6 orcs
458 creatures vanquished.

Vanquished Creatures (others)
  A shadow dragon (Vaults:5)
  2 vault wardens
  A ghost moth (Spider:2)
  2 emperor scorpions (Spider:4)
  2 ironheart preservers
  A stone giant (Vaults:5)
  2 very ugly things
  A deep elf death mage (Vaults:2)
  3 ettins
  A fire dragon (Vaults:2)
  A yaktaur captain (Vaults:3)
  4 vault guards
  2 ogre magi (Vaults:2)
  A deep elf knight (Elf:1)
  A swamp dragon (Swamp:4)
  A deep elf archer (Vaults:1)
  An ironbrand convoker (Vaults:2)
  A deep troll (Vaults:5)
  An orc knight (Vaults:3)
  A wolf spider (Spider:4)
  2 large abominations (Abyss:5)
  A deep elf mage (Vaults:1)
  2 ugly things
  2 freezing wraiths
  A demonic crawler (Spider:1)
  8 yaktaurs
  2 meliai (Abyss:4)
  3 jumping spiders (Spider:1)
  3 hornets (Swamp:3)
  A wolf spider simulacrum (Abyss:5)
  2 bog bodies
  A centaur (Vaults:3)
  A saltling (Desolation)
  3 slime creatures
  A small abomination (Abyss:5)
  2 raiju (Abyss:5)
  5 redbacks
  A tarantella (Spider:4)
  A ynoxinul (Abyss:5)
  A swamp worm (Swamp:4)
  An insubstantial wisp (Swamp:4)
  A naga (shapeshifter) (Vaults:3)
  A hell hound (Spider:1)
  A spatial vortex (Abyss:5)
  A swamp drake (Swamp:4)
  An ogre (Vaults:3)
  An adder (D:7)
  A ball lightning (Vaults:1)
  An orc (Vaults:3)
  19 fungi
  33 plants
  3 starspawn tentacles (Abyss:4)
137 creatures vanquished.

Grand Total: 1881 creatures vanquished

Notes
Turn   | Place    | Note
-------+----------+-------------------------------------------
     0 | D:1      | Johnny the Demigod Earth Elementalist began the quest for
                  | the Orb.
     0 | D:1      | Reached XP level 1. HP: 14/14 MP: 5/5
   147 | D:1      | Reached skill level 3 in Earth Magic
   155 | D:1      | Reached XP level 2. HP: 17/22 MP: 4/7
   522 | D:1      | Reached skill level 1 in Fighting
   893 | D:1      | Reached XP level 3. HP: 25/28 MP: 8/8
  1506 | D:2      | Learned a level 3 spell: Stone Arrow
  2713 | D:3      | Reached XP level 4. HP: 34/35 MP: 10/10
  2719 | D:3      | Found a sparkling altar of Nemelex Xobeh.
  3536 | D:4      | Found a staircase to the Ecumenical Temple.
  3888 | D:4      | Found a transporter.
  3907 | D:4      | Noticed Scuka's ghost (novice BaSu)
  3943 | D:4      | Reached skill level 4 in Earth Magic
  3968 | D:4      | Found a transporter.
  3993 | D:4      | Noticed an ogre
  3996 | D:4      | Killed an ogre
  3996 | D:4      | Reached XP level 5. HP: 24/41 MP: 3/12
  4131 | D:4      | Learned a level 5 spell: Lee's Rapid Deconstruction
  4295 | D:4      | Noticed a phantom
  4301 | D:4      | Killed a phantom
  4301 | D:4      | Reached skill level 5 in Earth Magic
  4301 | D:4      | Reached XP level 6. HP: 36/50 MP: 8/13
  4479 | D:5      | Entered Level 5 of the Dungeon
  4938 | D:5      | Reached XP level 7. HP: 47/57 MP: 15/15
  5010 | D:5      | Reached skill level 6 in Earth Magic
  5863 | D:4      | Killed Scuka's ghost
  6043 | D:6      | Reached skill level 7 in Earth Magic
  6043 | D:6      | Reached XP level 8. HP: 11/66 MP: 13/18
  6647 | D:6      | Noticed Duvessa
  6647 | D:6      | Noticed Dowan
  6655 | D:6      | Killed Dowan
  6662 | D:6      | Killed Duvessa
  6726 | D:6      | Got a fine short sword
  6727 | D:6      | Identified the +7 short sword of Apeaton {pierce, rF+ rN+
                  | Str+3} (You found it on level 6 of the Dungeon)
  7231 | D:6      | Found Gygol's Weapon Emporium.
  7383 | D:7      | Reached skill level 5 in Fighting
  7383 | D:7      | Reached skill level 5 in Spellcasting
  7383 | D:7      | Reached skill level 8 in Earth Magic
  7473 | D:7      | Noticed Pikel
  7482 | D:7      | Killed Pikel
  7646 | D:7      | Identified the +4 rapier "Kofa Mopsol" {elec, +Rage}
  7646 | D:7      | Identified the cursed +1 robe "Xajuw" {rPois rC+ rCorr
                  | Int+6}
  7651 | D:7      | Reached XP level 9. HP: 41/74 MP: 9/20
  8086 | D:7      | Noticed Harold
  8144 | D:7      | Killed Harold
  8144 | D:7      | Reached skill level 9 in Earth Magic
  9296 | D:8      | Found a hazy altar of Hepliaklqana.
  9429 | D:9      | Noticed a cyclops
  9433 | D:9      | Killed a cyclops
  9433 | D:9      | Reached skill level 10 in Earth Magic
  9502 | D:9      | Reached XP level 10. HP: 77/81 MP: 19/23
  9529 | D:9      | Noticed Erolcha
  9537 | D:9      | Killed Erolcha
  9826 | D:9      | Learned a level 4 spell: Petrify
 10096 | D:9      | Identified the +0 robe of Colaovvugog {*Slow Dex+3 Slay+5}
 10113 | D:9      | Found a staircase to the Lair.
 10148 | D:9      | Reached skill level 5 in Dodging
 10179 | D:9      | Noticed Maurice
 10292 | D:9      | Reached skill level 11 in Earth Magic
 10853 | D:9      | Killed Maurice
 10978 | D:10     | Entered Level 10 of the Dungeon
 11661 | D:10     | Noticed a two-headed ogre
 11666 | D:10     | Killed a two-headed ogre
 12041 | D:11     | Reached XP level 11. HP: 88/88 MP: 1/26
 12042 | D:11     | Noticed a death knight
 12043 | D:11     | Noticed a phantasmal warrior
 12045 | D:11     | Noticed a phantasmal warrior
 12189 | D:11     | Got an ancient garnet amulet
 12440 | D:11     | Noticed a tengu warrior
 12453 | D:11     | Killed a tengu warrior
 12553 | D:11     | Killed a phantasmal warrior
 12553 | D:11     | Reached skill level 12 in Earth Magic
 12559 | D:11     | Killed a death knight
 12561 | D:11     | Killed a phantasmal warrior
 12677 | D:11     | Identified the amulet of Laripp {RegenMP rF+ rN+++ MR+
                  | Slay-4} (You found it on level 11 of the Dungeon)
 13705 | D:12     | Found a staircase to the Orcish Mines.
 13980 | D:12     | Found Fechum's Jewellery Emporium.
 15105 | D:14     | Identified a scroll of acquirement
 15133 | D:14     | Reached skill level 13 in Earth Magic
 15255 | D:14     | Found a gate to the Vaults.
 15255 | D:14     | Noticed a vault guard
 15258 | D:14     | Killed a vault guard
 15298 | D:14     | Noticed a centaur warrior
 15310 | D:14     | Killed a centaur warrior
 15310 | D:14     | Reached XP level 12. HP: 46/94 MP: 16/29
 15961 | D:15     | Entered Level 15 of the Dungeon
 15994 | D:15     | Got a smoking falchion
 16525 | D:15     | Reached skill level 14 in Earth Magic
 16594 | D:15     | Noticed an emperor scorpion
 16890 | D:15     | Noticed a great orb of eyes
 16906 | D:15     | Killed a great orb of eyes
 17229 | D:15     | Noticed a centaur warrior
 17234 | D:15     | Killed a centaur warrior
 17236 | D:15     | Noticed a five-headed hydra
 17242 | D:15     | Killed a five-headed hydra
 17770 | Orc:1    | Entered Level 1 of the Orcish Mines
 17977 | Orc:1    | Found a shimmering altar of Xom.
 18053 | Orc:2    | Entered Level 2 of the Orcish Mines
 18053 | Orc:2    | Found a roughly hewn altar of Beogh.
 18539 | Orc:1    | Reached XP level 13. HP: 101/101 MP: 27/31
 18604 | Orc:1    | Reached skill level 10 in Spellcasting
 18874 | Orc:2    | Paralysed by an orc sorcerer for 3 turns
 18903 | Orc:2    | Gained mutation: Your spells are a little harder to cast,
                  | but a little more powerful. [potion of mutation]
 18903 | Orc:2    | Gained mutation: You are occasionally teleported next to
                  | monsters. [potion of mutation]
 18903 | Orc:2    | Gained mutation: You are dopey. (Int -2) [potion of
                  | mutation]
 18903 | Orc:2    | Gained mutation: You are partially covered in yellow
                  | scales. (AC +2) [potion of mutation]
 18929 | Orc:2    | Lost mutation: You are occasionally teleported next to
                  | monsters. [potion of mutation]
 18929 | Orc:2    | Lost mutation: You are dopey. (Int -2) [potion of mutation]
 18929 | Orc:2    | Gained mutation: Scrolls take you a little longer to read.
                  | [potion of mutation]
 18929 | Orc:2    | Gained mutation: You are resistant to hostile enchantments.
                  | (MR+) [potion of mutation]
 18929 | Orc:2    | Gained mutation: Armour fits poorly on your strangely
                  | shaped body. [potion of mutation]
 18929 | Orc:2    | Gained mutation: You have sharp fingernails. [potion of
                  | mutation]
 19121 | Orc:2    | Found a staircase to the Elven Halls.
 19413 | Orc:2    | Reached skill level 15 in Earth Magic
 19568 | Orc:2    | Found Cauwok's Magic Scroll Shop.
 19586 | Orc:2    | Bought a scroll of blinking for 120 gold pieces
 19586 | Orc:2    | Bought a scroll of identify for 32 gold pieces
 19586 | Orc:2    | Bought a scroll of identify for 32 gold pieces
 19590 | Orc:2    | Bought a scroll of identify for 32 gold pieces
 19614 | Orc:2    | Found an ancient bone altar of Kikubaaqudgha.
 19622 | Orc:2    | Found Asiemia's Antique Weapon Boutique.
 19689 | Orc:2    | Found a roughly hewn altar of Beogh.
 19689 | Orc:2    | Found Cinlured's Book Shop.
 19704 | Orc:2    | Found Subykk's Magic Scroll Shop.
 19718 | Orc:2    | Found a radiant altar of Vehumet.
 19754 | Orc:2    | Bought a scroll of identify for 24 gold pieces
 19754 | Orc:2    | Bought a scroll of holy word for 90 gold pieces
 19756 | Orc:2    | Identified the cursed +2 falchion of the Little People
                  | {holy, Str+4} (You found it on level 15 of the Dungeon)
 19856 | Orc:2    | Bought a scroll of blinking for 120 gold pieces
 19856 | Orc:2    | Bought a scroll of magic mapping for 56 gold pieces
 20066 | Lair:1   | Entered Level 1 of the Lair of Beasts
 20069 | Lair:1   | Found a gate leading to a gauntlet.
 20079 | Gauntlet | Entered a Gauntlet
 20079 | Gauntlet | Found a transporter.
 20079 | Gauntlet | Found a transporter.
 20095 | Gauntlet | Found a transporter.
 20099 | Gauntlet | Found a transporter.
 20111 | Gauntlet | Noticed a reaper
 20114 | Gauntlet | Found a transporter.
 20130 | Gauntlet | Found a transporter.
 20138 | Gauntlet | Found a transporter.
 20144 | Gauntlet | Found a transporter.
 20162 | Gauntlet | Found a transporter.
 20170 | Gauntlet | Found a transporter.
 20188 | Gauntlet | Found a transporter.
 20211 | Gauntlet | Found a transporter.
 20484 | Gauntlet | Got a sparkling iron ring
 20490 | Gauntlet | Identified the ring of Obsession {rC+ Int+4} (You found it
                  | in a Gauntlet)
 20565 | Gauntlet | Reached skill level 10 in Dodging
 20630 | Gauntlet | Noticed a minotaur
 20632 | Gauntlet | Killed a minotaur
 20972 | Lair:1   | Lost mutation: Scrolls take you a little longer to read.
                  | [potion of mutation]
 20972 | Lair:1   | Lost mutation: Armour fits poorly on your strangely shaped
                  | body. [potion of mutation]
 20972 | Lair:1   | Lost mutation: Your spells are a little harder to cast, but
                  | a little more powerful. [potion of mutation]
 20972 | Lair:1   | Gained mutation: You are agile. (Dex +2) [potion of
                  | mutation]
 20972 | Lair:1   | Gained mutation: You have sharp toenails. [potion of
                  | mutation]
 21325 | Lair:1   | Noticed Fannar
 21329 | Lair:1   | Killed Fannar
 22093 | Lair:1   | Found a blossoming altar of Fedhas.
 22098 | Lair:1   | Noticed Sonja
 22269 | Lair:1   | Killed Sonja
 22540 | Lair:2   | Found a bloodstained altar of Trog.
 22575 | Lair:2   | Found a staircase to the Swamp.
 22726 | Lair:2   | Got a translucent hunting sling
 22728 | Lair:2   | Identified the cursed +1 hunting sling of the Sugar Beet
                  | {speed, rN+ MR+} (You found it on level 2 of the Lair of
                  | Beasts)
 23319 | Lair:3   | Reached XP level 14. HP: 84/107 MP: 16/33
 23330 | Lair:3   | Reached skill level 16 in Earth Magic
 23500 | Lair:3   | Noticed Gastronok
 23504 | Lair:3   | Killed Gastronok
 24519 | Lair:4   | Found a hole to the Spider Nest.
 24543 | Lair:4   | Found a frozen archway.
 24555 | IceCv    | Entered an ice cave
 25196 | IceCv    | Learned a level 8 spell: Discord
 25361 | IceCv    | Reached skill level 1 in Hexes
 25685 | IceCv    | Noticed a frost giant
 25688 | IceCv    | Killed a frost giant
 27465 | Lair:5   | Got a transparent arbalest
 27466 | Lair:5   | Identified the +7 arbalest of Equivalence {freeze, rPois
                  | Int+4 SInv} (You found it on level 5 of the Lair of Beasts)
 28046 | Lair:6   | Entered Level 6 of the Lair of Beasts
 28070 | Lair:6   | Noticed Urug
 28073 | Lair:6   | Killed Urug
 28089 | Lair:6   | Upgraded the game from 0.24-a0-809-g71cb82dfb8 to 0.24-b1
 28353 | Lair:6   | Reached skill level 5 in Hexes
 28873 | Lair:6   | Reached XP level 15. HP: 113/113 MP: 25/36
 28881 | Lair:6   | Learned a level 6 spell: Statue Form
 29560 | Lair:6   | Found a runed translucent door.
 29560 | Lair:6   | Found a viscous altar of Jiyva.
 29662 | Lair:6   | Found a staircase to the Slime Pits.
 30147 | D:15     | Found a shadowy altar of Dithmenos.
 30337 | D:15     | Found a staircase to the Depths.
 30506 | Depths:1 | Entered Level 1 of the Depths
 30785 | Depths:1 | Found a gateway to a ziggurat.
 31340 | Elf:1    | Entered Level 1 of the Elven Halls
 31658 | Elf:1    | Found a ruined gateway.
 31668 | Desolati | Entered the Desolation of Salt
 32278 | Desolati | Got a jewelled hunting sling
 32284 | Desolati | Got a scorched shortbow
 32562 | Desolati | Identified the ring "Jico" {Fire rElec rPois Int+3 Stlth+}
 32580 | Desolati | Identified the +3 ring mail of the Blessed Realm {Str+2}
 32886 | Desolati | Identified the +6 war axe of Courage {vamp, rPois}
 32905 | Desolati | Reached XP level 16. HP: 97/121 MP: 10/38
 32905 | Desolati | Reached skill level 10 in Hexes
 33185 | Desolati | Identified Xipsud's Handbook of Congealing Toxins
 33656 | Desolati | Identified the +7 shortbow "Vezuh" {velocity, MR++ Str+6}
 35070 | Elf:2    | Found a runed translucent gate.
 35070 | Elf:2    | Found a runed translucent gate.
 35070 | Elf:2    | Found a runed translucent gate.
 35147 | Elf:2    | Identified the +5 flail "Mit Heth" {holy, Str+4}
 35573 | Elf:2    | Noticed a sphinx
 35582 | Elf:2    | Killed a sphinx
 36084 | Elf:2    | Identified the +2 hunting sling of Impatience {flame, rF+
                  | Dex+7} (You found it in the Desolation of Salt)
 36108 | Elf:2    | Found Ugiderie's Distillery.
 36168 | Elf:2    | Bought a potion of curing for 51 gold pieces
 36168 | Elf:2    | Bought a potion of curing for 51 gold pieces
 36168 | Elf:2    | Bought a potion of mutation for 136 gold pieces
 36168 | Elf:2    | Bought a potion of lignification for 51 gold pieces
 36168 | Elf:2    | Bought a potion of resistance for 170 gold pieces
 36168 | Elf:2    | Bought a potion of curing for 51 gold pieces
 36168 | Elf:2    | Bought 2 potions of lignification for 102 gold pieces
 36168 | Elf:2    | Bought a potion of cancellation for 136 gold pieces
 36168 | Elf:2    | Bought a potion of heal wounds for 85 gold pieces
 36168 | Elf:2    | Bought a potion of lignification for 51 gold pieces
 36330 | Elf:2    | Noticed a deep elf blademaster
 36337 | Elf:2    | Killed a deep elf blademaster
 36788 | Elf:2    | Reached XP level 17. HP: 126/126 MP: 14/39
 37208 | Elf:3    | Entered Level 3 of the Elven Halls
 37581 | Elf:3    | Noticed a deep elf blademaster
 37894 | Elf:3    | Killed a deep elf blademaster
 38060 | Elf:3    | Found Wipeocw's Magic Scroll Boutique.
 38067 | Elf:3    | Bought a scroll of vulnerability for 142 gold pieces
 38067 | Elf:3    | Bought a scroll of vulnerability for 142 gold pieces
 38067 | Elf:3    | Bought a scroll of vulnerability for 142 gold pieces
 38067 | Elf:3    | Bought a scroll of identify for 38 gold pieces
 38067 | Elf:3    | Bought a scroll of identify for 38 gold pieces
 38067 | Elf:3    | Bought a scroll of identify for 38 gold pieces
 38067 | Elf:3    | Bought a scroll of vulnerability for 142 gold pieces
 38605 | Elf:3    | Noticed Mara
 38621 | Elf:3    | Killed Mara
 38621 | Elf:3    | Reached skill level 15 in Hexes
 38751 | Elf:3    | Noticed a deep elf blademaster
 38761 | Elf:3    | Killed a deep elf blademaster
 39132 | Elf:3    | Identified the amulet of Wuexudd {Spirit rPois rN+}
 39174 | Elf:3    | Cast into level 3 of the Abyss (a deep elf demonologist)
 39271 | Abyss:3  | Identified the cursed +1 shortbow "Zyf Xuont" {flame,
                  | Fragile +Blink Str+2} (You found it in the Desolation of
                  | Salt)
 39298 | Abyss:3  | Noticed a bone dragon
 40183 | Elf:3    | Escaped the Abyss
 40258 | Elf:3    | Identified the +6 morningstar of Gufupp {holy, Str+6}
 40494 | Elf:3    | Identified the +4 rapier "Ogrebane" {flame, rPois rF+ Str+6
                  | Int+2}
 40752 | Elf:3    | Identified the Papyrus of Feathery Enchantment
 40781 | Elf:3    | Got an ancient fustibalus
 40866 | Elf:3    | Learned a level 2 spell: Blink
 40872 | Elf:3    | Learned a level 5 spell: Borgnjor's Vile Clutch
 40872 | Elf:3    | Identified the +1 fustibalus of Rottoece {speed, Str-4
                  | Int+4 Dex+6 SInv} (You found it on level 3 of the Elven
                  | Halls)
 41547 | Spider:1 | Entered Level 1 of the Spider Nest
 41676 | Spider:1 | Noticed Azrael
 41831 | Spider:1 | Killed Azrael
 42198 | Spider:1 | Found a transporter.
 42201 | Spider:1 | Noticed Wympuamu's ghost (journeyman DEFE)
 42257 | Spider:1 | Killed Wympuamu's ghost
 42259 | Spider:1 | Reached XP level 18. HP: 116/133 MP: 16/40
 42268 | Spider:1 | Found a transporter.
 42270 | Spider:1 | Got an ancient lead ring
 43538 | Spider:3 | Identified the ring of Attitude {rPois rF+} (You found it
                  | on level 1 of the Spider Nest)
 43853 | Spider:4 | Entered Level 4 of the Spider Nest
 44605 | Spider:4 | Reached skill level 17 in Earth Magic
 45279 | Spider:4 | Got a gossamer rune of Zot
 45428 | Swamp:1  | Entered Level 1 of the Swamp
 45490 | Swamp:1  | Noticed Jorgrun
 45493 | Swamp:1  | Killed Jorgrun
 47114 | Swamp:2  | Learned a level 2 spell: Sublimation of Blood
 48327 | Swamp:3  | Noticed a tentacled monstrosity
 48350 | Swamp:3  | Killed a tentacled monstrosity
 49102 | Swamp:4  | Entered Level 4 of the Swamp
 49759 | Swamp:4  | Noticed the 27-headed Lernaean hydra
 49760 | Swamp:4  | Killed the 27-headed Lernaean hydra
 49761 | Swamp:4  | Identified the cursed +0 pair of gloves of Gehenna {rElec
                  | rPois rN++}
 49761 | Swamp:4  | Noticed Nikola
 49762 | Swamp:4  | Noticed Bai Suzhen
 49773 | Swamp:4  | Killed Nikola
 49953 | Swamp:4  | Got a decaying rune of Zot
 50353 | Swamp:4  | Killed Bai Suzhen
 50353 | Swamp:4  | Reached XP level 19. HP: 147/147 MP: 9/42
 50980 | Vaults:1 | Entered Level 1 of the Vaults
 50987 | Vaults:1 | Found Payseowuaci's Food Emporium.
 51432 | Vaults:1 | Found a runed translucent gate.
 51432 | Vaults:1 | Found a runed translucent gate.
 51433 | Vaults:1 | Found a runed translucent gate.
 51434 | Vaults:1 | Noticed Amen's ghost (adept GnWz)
 51451 | Vaults:1 | Killed Amen's ghost
 51451 | Vaults:1 | Reached skill level 1 in Translocations
 51451 | Vaults:1 | Reached skill level 18 in Earth Magic
 51969 | Vaults:1 | Got a pair of heavily runed boots
 51975 | Vaults:1 | Identified the -3 pair of boots "Siycyon" {+Blink} (You
                  | found it on level 1 of the Vaults)
 52648 | Vaults:2 | Found a runed translucent gate.
 52648 | Vaults:2 | Found a runed translucent gate.
 52648 | Vaults:2 | Found a runed translucent gate.
 52648 | Vaults:2 | Noticed Aaksess's ghost (adept DDNe)
 52731 | Vaults:2 | Learned a level 4 spell: Leda's Liquefaction
 52755 | Vaults:2 | Cast into level 4 of the Abyss (a Zot trap)
 52755 | Crypt:1  | Entered Level 1 of the Crypt
 52809 | Abyss:4  | Got an abyssal rune of Zot
 52851 | Abyss:4  | Noticed a bone dragon
 52939 | Abyss:4  | Gained mutation: Potions cannot restore your health. [a
                  | neqoxec]
 52950 | Abyss:4  | Got a twisted lajatang
 53110 | Abyss:4  | Identified the +7 lajatang of Xihetewn {slice, *Contam +Fly
                  | rPois rN+} (You found it on level 4 of the Abyss)
 53211 | Abyss:5  | Entered Level 5 of the Abyss
 53211 | Abyss:5  | Entered Level 5 of the Abyss
 53428 | Vaults:2 | Escaped the Abyss
 53897 | Vaults:2 | Found a portal to a secret trove of treasure.
 54345 | Vaults:2 | Got a twisted helmet
 54347 | Vaults:2 | Got a pair of jewelled gloves
 54409 | Vaults:2 | Identified the +2 helmet "Sitips" {rF+} (You found it on
                  | level 2 of the Vaults)
 54429 | Vaults:2 | Identified the +1 pair of gloves "Ikuecs" {rF+ rCorr Int-4}
                  | (You found it on level 2 of the Vaults)
 54672 | Vaults:1 | Learned a level 5 spell: Alistair's Intoxication
 55550 | Vaults:2 | Killed Aaksess's ghost
 55855 | Vaults:3 | Found Juaniu's Distillery.
 55880 | Vaults:3 | Bought a potion of mutation for 120 gold pieces
 55880 | Vaults:3 | Bought a potion of curing for 45 gold pieces
 55880 | Vaults:3 | Bought a potion of agility for 60 gold pieces
 55880 | Vaults:3 | Bought 2 potions of magic for 240 gold pieces
 55880 | Vaults:3 | Bought a potion of invisibility for 120 gold pieces
 55880 | Vaults:3 | Bought a potion of heal wounds for 75 gold pieces
 55880 | Vaults:3 | Bought a potion of berserk rage for 75 gold pieces
 55880 | Vaults:3 | Bought 2 potions of heal wounds for 150 gold pieces
 55968 | Vaults:3 | Found a runed translucent gate.
 55968 | Vaults:3 | Found a runed translucent gate.
 55968 | Vaults:3 | Found a runed translucent gate.
 55969 | Vaults:3 | Found an opulent altar of Gozag.
 55969 | Vaults:3 | Found Siatreg's Assorted Antiques.
 55969 | Vaults:3 | Noticed Esiny's ghost (adept HuFi)
 56017 | Vaults:3 | Killed Esiny's ghost
 56035 | Vaults:3 | Bought 2 potions of flight for 156 gold pieces
 56035 | Vaults:3 | Bought a potion of mutation for 208 gold pieces
 56035 | Vaults:3 | Bought 3 scrolls of identify for 156 gold pieces
 56035 | Vaults:3 | Bought a potion of heal wounds for 130 gold pieces
 56035 | Vaults:3 | Bought a potion of magic for 208 gold pieces
 56035 | Vaults:3 | Bought a scroll of magic mapping for 91 gold pieces
 56070 | Vaults:3 | Found a staircase to the Crypt.
 56171 | Vaults:3 | Reached XP level 20. HP: 159/159 MP: 25/44
 56950 | Vaults:3 | Reached skill level 5 in Translocations
 57262 | Vaults:3 | Reached skill level 19 in Earth Magic
 58995 | Vaults:4 | Found Duwkaugh's Magic Scroll Shoppe.
 59002 | Vaults:4 | Bought a scroll of teleportation for 51 gold pieces
 59002 | Vaults:4 | Bought a scroll of teleportation for 51 gold pieces
 59002 | Vaults:4 | Bought a scroll of magic mapping for 59 gold pieces
 59002 | Vaults:4 | Bought a scroll of teleportation for 51 gold pieces
 59002 | Vaults:4 | Bought a scroll of identify for 34 gold pieces
 59002 | Vaults:4 | Bought a scroll of identify for 34 gold pieces
 59002 | Vaults:4 | Bought a scroll of teleportation for 51 gold pieces
 59809 | Vaults:4 | Reached skill level 15 in Spellcasting
 60073 | Vaults:5 | Entered Level 5 of the Vaults
 60079 | Vaults:5 | Reached skill level 10 in Fighting
 60207 | Vaults:5 | Identified the ring "Vukunly" {Wiz MR+ Str+2}
 60233 | Vaults:5 | Noticed a golden dragon
 60250 | Vaults:5 | HP: 1/210 [phantasmal warrior (19)]
 60255 | Vaults:5 | Demolished by a phantasmal warrior

Skill      XL: |  1  2  3  4  5  6  7  8  9 10 11 12 13 14 15 16 17 18 19 20 |
---------------+-------------------------------------------------------------+-----
Earth Magic    | 3 4 5 7 8 10 11 13 14 15 16 17 18 19 | 19.6
Spellcasting   | 2 3 4 5 6 7 8 9 10 11 12 13 14 15 | 15.2
Fighting       | 1 2 3 4 5 7 9 10 | 10.3
Dodging        | 4 5 7 9 10 11 12 13 | 13.5
Hexes          | 5 9 13 16 17 18 | 18.4
Translocations | 4 6 |  6.6
Stealth        | |  1.7
Transmutations | |  0.8

Action                   |  1- 3 |  4- 6 |  7- 9 | 10-12 | 13-15 | 16-18 | 19-21 || total
-------------------------+-------+-------+-------+-------+-------+-------+-------++-------
Melee: Club              |    34 |       |       |       |       |       |       ||    34
       Whip              |   107 |       |       |       |       |       |       ||   107
       Flail             |    10 |    99 |    30 |       |       |       |       ||   139
       Unarmed           |       |       |     5 |       |       |       |       ||     5
       Short sword       |       |       |    54 |    93 |   375 |   558 |   389 ||  1469
       Kick              |       |       |       |       |    60 |   162 |   130 ||   352
 Fire: Fustibalus        |       |       |       |       |       |    52 |       ||    52
Throw: Stone             |       |       |     1 |       |    33 |     2 |     2 ||    38
 Cast: Sandblast         |    38 |    26 |    53 |   178 |   272 |   252 |    95 ||   914
       Stone Arrow       |    12 |       |     7 |    67 |   102 |   160 |   101 ||   449
       Lee's Rapid Decon |       |       |    14 |    73 |   183 |   254 |   125 ||   649
       Petrify           |       |       |       |     5 |    13 |     8 |     2 ||    28
       Statue Form       |       |       |       |       |    24 |    93 |    48 ||   165
       Discord           |       |       |       |       |       |    52 |    71 ||   123
       Blink             |       |       |       |       |       |    72 |    92 ||   164
       Sublimation of Bl |       |       |       |       |       |       |     5 ||     5
       Alistair's Intoxi |       |       |       |       |       |       |     2 ||     2
 Abil: Stop Flying       |       |       |       |       |     1 |       |       ||     1
       End Transformatio |       |       |       |       |       |       |     2 ||     2
Evoke: Wand              |       |       |       |    27 |     8 |    21 |     2 ||    58
       Lightning rod     |       |       |       |       |     6 |    10 |     4 ||    20
       Box of beasts     |       |       |       |       |     4 |     5 |       ||     9
       Phial of floods   |       |       |       |       |       |     4 |     3 ||     7
  Use: Potion            |       |     3 |     2 |     3 |    14 |    20 |    30 ||    72
       Scroll            |       |       |     9 |    18 |    20 |    34 |    18 ||    99
 Stab: Sleeping          |     4 |     2 |     6 |     3 |     2 |     2 |     3 ||    22
       Paralysed         |       |       |       |       |     2 |       |       ||     2
       Distracted        |       |       |       |       |     4 |       |     2 ||     6
       Petrified         |       |       |       |       |       |     2 |       ||     2
       Invisible         |       |       |       |       |       |       |     2 ||     2
  Eat: Chunk             |     8 |     2 |    17 |    19 |    31 |     5 |    23 ||   105
       Ration            |       |     1 |     1 |     5 |     9 |    23 |    11 ||    50
Armor: Robe              |    54 |    53 |    21 |    48 |    81 |    57 |    20 ||   334
       Skin              |       |     7 |     5 |       |   210 |  1159 |   544 ||  1925
       Leather armour    |       |       |     9 |       |       |       |       ||     9
Dodge: Dodged            |   135 |    85 |    59 |   191 |   915 |  2570 |  1208 ||  5163
